 Dungeon Crawl Stone Soup version 0.29-a0-643-ga013cefcf8 (webtiles) character file.

Game seed: 8303483132523876791

86 xian the Skirmisher (level 4, -1/44 HPs)
             Began as a Draconian Gladiator on June 19, 2022.
             Slain by a hobgoblin (3 damage)
             ... led by Robin
             ... on level 1 of the Dungeon.
             The game lasted 00:04:33 (1003 turns).

xian the Skirmisher (Draconian Gladiator)           Turns: 1003, Time: 00:04:33

Health: -1/44      AC:  5    Str: 18    XL:     4   Next: 27%
Magic:  4/4        EV: 14    Int:  8    God:
Gold:   20         SH:  0    Dex: 13    Spells: 3/3 levels left

rFire   + . .      SeeInvis .   e - +0 spear
rCold   . . .      Faith    +   (no shield)
rNeg    . . .      Spirit   .   (body armour unavailable)
rPois   .          Reflect  .   b - +0 hat
rElec   .          Harm     .   (no cloak)
rCorr   .          Rampage  .   (no gloves)
Will    .....                   (no boots)
Stlth   +++.......              k - amulet of faith
HPRegen 0.14/turn               h - ring of protection from fire
MPRegen 0.09/turn               (no ring)

@: on berserk cooldown, slowed, very slow
A: AC +5, unfitting armour, cold-blooded
a: no special abilities


You were on level 1 of the Dungeon.
You visited 1 branch of the dungeon, and saw 2 of its levels.

You collected 20 gold pieces.

Inventory:

Hand Weapons
 a - a +0 quarterstaff
 e - a +0 spear (weapon)
Missiles
 c - 3 throwing nets
 d - 3 javelins (quivered)
Armour
 b - a +0 hat (worn)
Jewellery
 h - a ring of protection from fire (left hand)
 k - an amulet of faith (around neck)
Scrolls
 g - 2 scrolls of teleportation {unknown}
Potions
 f - a potion of experience


   Skills:
 + Level 6.1 Fighting
 + Level 1.5(2.6) Polearms
 + Level 3.3(3.5) Staves
 + Level 5.1 Throwing
 + Level 5.7 Dodging
 + Level 5.1 Stealth


You had 3 spell levels left.
You didn't know any spells.
Your spell library was empty.

Dungeon Overview and Level Annotations

Branches:
Dungeon (2/15)

Altars:


Innate Abilities, Weirdness & Mutations

Your plain brown scales are hard. (AC +5)
You cannot fit into any form of body armour.
You are cold-blooded and may be slowed by cold attacks.


Message History

You barely miss the goblin. You tail-slap the goblin.
You kill the goblin!
The hobgoblin no longer looks unusually strong. x2
The giant cockroach bites you but does no damage.
The hobgoblin barely misses you. The goblin closely misses you. x2
The goblin hits you but does no damage. The hobgoblin closely misses you.
The goblin closely misses you.
You completely miss the hobgoblin.
The hobgoblin no longer looks unusually strong.
The giant cockroach bites you.
* * * LOW HITPOINT WARNING * * *
The hobgoblin misses you. The goblin hits you with a +0 club.
* * * LOW HITPOINT WARNING * * *
The goblin hits you with a +0 dagger.
* * * LOW HITPOINT WARNING * * *
The hobgoblin misses you. The goblin closely misses you. The goblin misses you.
The goblin hits you with a +0 club.
* * * LOW HITPOINT WARNING * * *
You puncture the goblin!
You kill the goblin!
The giant cockroach bites you but does no damage.
Unknown command.
The hobgoblin hits you but does no damage.
The goblin hits you with a +0 club.
* * * LOW HITPOINT WARNING * * *
There is a stone staircase leading up, spattered with blood here.
Items here: ! )))))) / [[ †††.
You feel a strong urge to attack something.
The goblin no longer looks unusually strong.
The hobgoblin completely misses you. The goblin hits you but does no damage.
The hobgoblin completely misses you. x2
You climb upwards.
You are no longer berserk.
You are exhausted.
You feel yourself slow down.
There is a stone staircase leading down here.
You puncture the goblin!
You kill the goblin!
The hobgoblin hits you.
You die...

#.##...# #####.#.#.#
#..#...# #(#.... ##.#...#
#.###.. #.#...# #...#..
#..#+## #######.#.. ##.#.#
#.......#.# ####...#
#.#######.# #....gg#
#.#.....#.# #.##gg@#
#.#.###.#.# #.##.#)#
####.#.#.†.#.#
##########..#.#g#
#....#.##)##.#
##.....#...#.#.#.#
#.####.##....#
.#.###.#.#.#.#.#.# #)#
#.####### .#.#
#.#.#.#.#.#.###.# #.#
.#.###.#.....#.#.....# #.#
.#...#.....###.##########.#
.###.####### #............#


You could see 3 hobgoblins and 2 goblins.

Vanquished Creatures
  Robin (D:2)
  6 bats (D:1)
  4 endoplasms (D:1)
  A giant cockroach (D:1)
  12 goblins
  2 hobgoblins (D:1)
  2 kobolds (D:1)
  A ball python (D:1)
  A frilled lizard (D:1)
  2 rats (D:1)
32 creatures vanquished.

Notes
Turn   | Place    | Note
-------+----------+-------------------------------------------
     0 | D:1      | xian the Draconian Gladiator began the quest for the Orb.
     0 | D:1      | Reached XP level 1. HP: 17/17 MP: 1/1
   203 | D:1      | Found a faded altar of an unknown god.
   282 | D:1      | Reached XP level 2. HP: 18/24 MP: 2/2
   500 | D:1      | Reached skill level 1 in Polearms
   836 | D:1      | Reached XP level 3. HP: 25/30 MP: 3/3
   982 | D:2      | Noticed Robin
   985 | D:2      | Reached skill level 6 in Fighting
   985 | D:2      | Reached skill level 5 in Throwing
   985 | D:2      | Reached skill level 5 in Dodging
   985 | D:2      | Reached skill level 5 in Stealth
   985 | D:2      | Reached XP level 4. HP: 44/44 MP: 4/4
   993 | D:2      | Killed Robin
  1000 | D:2      | HP: 3/66 [goblin/+0 club[Robin] (6)]
  1003 | D:1      | Slain by a hobgoblin

Illustrated notes

Levels and vault maps discovered:
D:1:      dpeg_arrival_water_temple_mockup, layout_basic,
          ebering_ecumenical_altar_sacrificial
D:2:      layout_rooms, chequers_serial_rivers_micro_d, columned_hall_lemuel,
          minmay_unequal, uniq_robin

Skill      XL: |  1  2  3 |
---------------+----------+-----
Dodging        | 3 5 |  5.7
Polearms       | 1 |  1.5
Fighting       | 6 |  6.1
Throwing       | 5 |  5.1
Stealth        | 5 |  5.1
Staves         | |  3.3

Action                   |  1- 3 |  4- 6 || total
-------------------------+-------+-------++-------
Melee: Spear             |    66 |    13 ||    79
       Tailslap          |     3 |     2 ||     5
       Punch             |     1 |     1 ||     2
Throw: Javelin           |     4 |       ||     4
  Use: Potion            |     1 |     2 ||     3
 Stab: Sleeping          |     1 |       ||     1
Armor: Skin              |    30 |    20 ||    50
Dodge: Dodged            |    66 |    52 ||   118

Table legend: (Time is in decaauts)
 A = Elapsed time spent in this place.
 B = Non-inter-level travel time spent in this place.
 C = Inter-level travel time spent in this place.
 D = Time resting spent in this place.
 E = Time spent auto-exploring this place.
 F = Levels seen in this place.
 G = Mean time per level.
                   A        B        C        D        E       F      G
               +--------+--------+--------+--------+--------+-----+--------+
         Total |   1003 |    994 |      9 |      0 |    544 |   2 |  501.5 |
       Dungeon |   1003 |    994 |      9 |      0 |    544 |   2 |  501.5 |
               +--------+--------+--------+--------+--------+-----+--------+

Top non-repeatable levels by time:
     D:1: 983 daAuts
     D:2: 19 daAuts
